 Dungeon Crawl Stone Soup version 0.21-a0-155-gb8a8bae (webtiles) character file.

599544 4thArraOfDagon the Wrestler (level 25, 0/308 HPs)
             Began as a Grey Draconian Arcane Marksman on Aug 1, 2017.
             Was a High Priest of Cheibriados.
             Slain by a reaper
             ... wielding a +0 scythe of freezing
             ... summoned by Khufu's death curse
              (4 damage)
             ... on level 2 of the Tomb of the Ancients on Aug 3, 2017.
             The game lasted 02:22:23 (22065 turns).

4thArraOfDagon the Wrestler (DrAM)                 Turns: 22065, Time: 02:22:24

Health: 0/308      AC: 29    Str: 27 (28) XL:     25   Next: 30%
Magic:  38/40      EV: 32    Int: 35 (38) God:    Cheibriados [*****.]
Gold:   3032       SH: 10    Dex: 29 (35) Spells: 23/50 levels left

rFire    . . .     SeeInvis .     - Unarmed
rCold    + . .     Gourm    +   C - +3 buckler {rN+}
rNeg     + + +     Faith    .   (armour unavailable)
rPois    ∞         Spirit   .   a - +2 hat
rElec    +         Reflect  .   E - scarf {repulsion}
rCorr    .         Harm     .   (gloves currently unavailable)
MR       +....     Rnd*Rage +   (boots currently unavailable)
Stlth    +++++.....             h - amulet of the gourmand
HPRegen  1.01/turn              X - ring of Shadows {Umbra +Inv Stlth+}
MPRegen  0.27/turn              F - ring "Difuc" {rElec rN+ Str+2 Dex+7}

@: statue-form, wreathed by umbra, repel missiles, very slow
A: (walk through water), unfitting armour, agile 1, berserk 1, cold resistance
1, deterioration 2, regeneration 1, weak 1, unbreathing, cold-blooded, subdued
magic 1, AC +17
}: 5/15 runes: decaying, slimy, silver, golden, gossamer
a: End Transformation, Bend Time, Temporal Distortion, Slouch, Step From Time,
Renounce Religion, Evoke Invisibility


You were on level 2 of the Tomb of the Ancients.
You worshipped Cheibriados.
Cheibriados was extremely pleased with you.
You were full.
You were a stone statue.
You visited 10 branches of the dungeon, and saw 49 of its levels.
You visited the Abyss 2 times.
You visited 1 bazaar.
You also visited: Labyrinth and Desolation.

You collected 3953 gold pieces.
You spent 921 gold pieces at shops.

Inventory:

Armour
 a - a +2 hat (worn)
 u - a +2 pair of gloves of archery (melded)
 C - a +3 buckler of positive energy (worn)
 E - a scarf of repulsion (worn)
Magical Staves
 M - an uncursed staff of earth
Jewellery
 c - an uncursed ring of protection from fire
 h - an amulet of the gourmand (around neck)
 y - the ring "Gabborch" {Fire *Drain +Blink Int+4}
   (You acquired it on level 2 of the Crypt)

   [ring of fire]

   It enhances your fire magic.
   It affects your intelligence (+4).
   It protects you from fire.
   It makes you vulnerable to cold.
   It lets you blink.
   It causes draining when unequipped.
 F - the ring "Difuc" (right hand) {rElec rN+ Str+2 Dex+7}
   (You found it on level 5 of the Pits of Slime)

   [ring of positive energy]

   It affects your strength (+2).
   It affects your dexterity (+7).
   It insulates you from electricity.
   It protects you from negative energy.
 I - the ring of Yjaps {*Drain rElec rPois rN+ Int+6}
   (You found it on level 3 of the Crypt)

   [ring of positive energy]

   It affects your intelligence (+6).
   It insulates you from electricity.
   It protects you from poison.
   It protects you from negative energy.
   It causes draining when unequipped.
 K - the ring of Roudecza {rN+ Str+6}
   (You found it on level 3 of the Crypt)

   [ring of positive energy]

   It affects your strength (+6).
   It protects you from negative energy.
 W - an uncursed ring of protection from cold
 X - the ring of Shadows (left hand) {Umbra +Inv Stlth+}
   (You bought it in a shop on level 3 of the Elven Halls)

   [ring of stealth]

   It lets you turn invisible.
   It makes you more stealthy.
Wands
 q - a wand of acid (4/15)
 H - a wand of acid (7/15)
 J - a wand of digging (12/24)
 Q - a wand of digging (0/24)
 Y - a wand of iceblast (11/15)
Scrolls
 e - 11 scrolls of remove curse
 i - 6 scrolls of fog
 j - 5 scrolls of teleportation
 l - a scroll of holy word
 s - 6 scrolls of recharging
 t - 2 scrolls of enchant armour
 w - 3 scrolls of amnesia
 z - a scroll of enchant weapon
 A - a scroll of immolation
 N - 2 scrolls of summoning
 S - a scroll of vulnerability
 U - 2 scrolls of fear
Potions
 f - 10 potions of mutation
 n - 4 potions of curing
 o - 4 potions of ambrosia
 p - a potion of resistance
 r - 3 potions of brilliance
 v - a potion of cancellation
 x - 5 potions of flight
 B - 2 potions of agility
 L - 4 potions of heal wounds
 V - a potion of lignification
 Z - 4 potions of might
Books
 P - the Grimoire of the Rocks
   (You found it in a labyrinth)

   Spells                             Type                      Level
   a - Sandblast                      Earth                        1
   b - Stone Arrow                    Conjuration/Earth            3
   c - Leda's Liquefaction            Hexes/Earth                  4
   d - Petrify                        Transmutation/Earth          4
   e - Bolt of Magma                  Conjuration/Fire/Earth       5
   f - Statue Form                    Transmutation/Earth          6
   g - Shatter                        Earth                        9
Miscellaneous
 b - a fan of gales
 g - a lightning rod (4/4)
 m - a phial of floods
 D - a lamp of fire
 G - 3 boxes of beasts
 T - a sack of spiders
Comestibles
 d - 15 bread rations
 k - 16 meat rations


   Skills:
 + Level 21.9 Fighting
 - Level 2.2 Throwing
 + Level 17.1 Dodging
 - Level 4.0 Shields
 - Level 25.0 Unarmed Combat
 - Level 13.3 Spellcasting
   Level 2.6 Hexes
 - Level 6.5 Translocations
 - Level 8.2 Transmutations
 - Level 9.7 Earth Magic
 - Level 17.3 Invocations


You had 23 spell levels left.
You knew the following spells:

 Your Spells              Type           Power        Failure   Level  Hunger
a - Sublimation of Blood  Necr           ###.......   1%          2    None
b - Statue Form           Tmut/Erth      ######...    5%          6    ###....
c - Blink                 Tloc           N/A          1%          2    None
d - Deflect Missiles      Chrm/Air       ###.......   94%         6    ###....
e - Passwall              Tmut/Erth      ######....   1%          2    None
f - Passage of Golubria   Tloc           N/A          1%          4    None
g - Lee's Rapid Deconstr  Erth           ######....   1%          5    None


Dungeon Overview and Level Annotations

Branches:
Dungeon (15/15)            Temple (0/1) D:7            Lair (5/6) D:9
  Swamp (4/4) Lair:4       Spider (4/4) Lair:4        Slime (5/5) Lair:5
    Orc (2/2) D:11            Elf (3/3) Orc:2        Vaults (5/5) D:13
  Crypt (3/3) Vaults:2       Tomb (3/3) Crypt:3
 Depths: D:15

Altars:
Cheibriados
Dithmenos
Elyvilon
Gozag
Kikubaaqudgha
Ru
Sif Muna
Wu Jian
Yredelemnul
Beogh
Jiyva

Shops:
D:11 ([   Orc:2 *}[(   Elf:3 =   Vaults:2 %

Portals:
Trove: D:11 (give +3 shadow dragon scales)

Annotations:
D:6 oki's ghost, novice DrVM
D:7 Menkaure
Swamp:3 Mara
Elf:2 3 runed doors


Innate Abilities, Weirdness & Mutations

((You can walk through water.))
((Your dull iron-grey scales are very hard. (AC +17)))
You cannot fit into any form of body armour.
You can survive without breathing.
You are cold-blooded and may be slowed by cold attacks.
You are agile. (Dex +2)
You tend to lose your temper in combat.
Your flesh is cold resistant. (rC+)
Your body often deteriorates upon taking damage.
Your natural rate of healing is unusually fast.
You are weak. (Str -2)
Your spells are a little easier to cast, but a little less powerful.


Message History

The frost giant skeleton disappears in a puff of smoke!
The wraith disappears in a puff of smoke!
You feel your dexterity returning.
Unknown command.
The reaper hits you with a scythe of freezing!!
* * * LOW HITPOINT WARNING * * *
The reaper freezes you!
* * * LOW HITPOINT WARNING * * *
The reaper completely misses you.
You see here a potion of curing.
Unknown command.
Unknown command.
You barely miss the reaper.
Unknown command.
You hit the reaper but do no damage.
The reaper hits you with a scythe of freezing!!
* * * LOW HITPOINT WARNING * * *
Your body deteriorates!
You feel weakened. The reaper freezes you.
You die...

####################
#......#>........(.#
#......#.^.........#
#......#........8..#
#....^.#..^.^^^.^2.#
####'#########...[.#
.............#.....#
.............#.....#
.............###'###
....##.......# ...
.#..###<.....# ....
.#...###.....# ...


You could see a reaper.

Vanquished Creatures
  Khufu (Tomb:2)
  2 ancient liches
  Sojobo (Crypt:3)
  31 greater mummies
  Frederick (Crypt:1)
  Xtahua (Crypt:1)
  4 large abominations
  2 golden dragons (Vaults:5)
  A profane servitor (Crypt:3)
  2 bone dragons
  The ghost of p0werm0de the Severer, an adept DsEn of Qazlal (Vaults:5)
  2 tentacled monstrosities
  Rupert (D:13)
  4 titans (Vaults:5)
  2 deep elf blademasters (Elf:3)
  6 liches
  17 acid blobs
  Frances (Swamp:2)
  9 sphinxes
  2 deep elf master archers (Elf:3)
  Agnes (Spider:1)
  2 thorn hunters (Swamp:3)
  2 storm dragons (Vaults:5)
  12 ancient champions
  Donald (Swamp:2)
  6 azure jellies
  5 tengu reavers
  4 revenants
  4 frost giants (Vaults:5)
  A fire giant (Vaults:4)
  5 deep elf sorcerers
  3 imperial myrmidons (Desolation)
  2 vault wardens (Vaults:4)
  4 ghost moths (Spider:4)
  5 deep elf elementalists
  7 emperor scorpions (Spider:4)
  Louise (Swamp:2)
  6 ghouls
  A war gargoyle (Vaults:5)
  An orc warlord (Orc:2)
  8 ironheart preservers
  14 very ugly things
  14 bennus
  An entropy weaver (Spider:1)
  8 stone giants
  7 vampire knights
  4 deep elf demonologists (Elf:3)
  3 halazid warlocks (Desolation)
  A spark wasp (Spider:4)
  9 deep elf annihilators
  7 deep elf death magi
  2 blizzard demons (Abyss:3)
  2 eidola (Crypt:1)
  5 ettins
  Snorg (D:11)
  15 mummy priests
  2 crystal guardians
  16 jiangshi
  4 deep elf high priests
  6 death oozes (Slime:5)
  A minotaur (Lab)
  9 yaktaur captains
  Fannar (D:11)
  7 ragged hierophants (Desolation)
  9 ogre magi
  3 great orbs of eyes
  6 peacekeepers (Desolation)
  5 servants of whispers (Desolation)
  A rakshasa (Vaults:3)
  2 ghost crabs
  24 vault guards
  12 hydras
  2 centaur warriors
  3 ice dragons
  9 death knights
  7 dancing weapons
  27 two-headed ogres
  A deep troll shaman (Vaults:5)
  2 vampire magi
  81 death scarabs
  A death yak (shapeshifter) (Vaults:5)
  2 deep troll earth magi
  An orc high priest (Orc:2)
  A titan zombie (Tomb:1)
  A hell knight (Crypt:3)
  Sonja (D:11)
  12 deep elf knights
  5 shadow wraiths
  A titan skeleton (Tomb:1)
  3 wretched stars (Abyss:2)
  A storm dragon zombie (Abyss:2)
  29 skeletal warriors
  A storm dragon skeleton (Vaults:3)
  A spectral catoblepas (Crypt:3)
  4 deep trolls
  A glowing orange brain (Vaults:2)
  2 obsidian statues
  11 flayed ghosts
  4 spriggan druids
  An unseen horror (D:12)
  2 tengu zombies (Vaults:3)
  8 deep elf archers
  8 swamp dragons (Swamp:4)
  2 shambling mangroves (Swamp:4)
  7 harpies
  17 phantasmal warriors
  13 orc knights
  5 necromancers
  5 orb spiders
  5 ironbrand convokers
  5 cyclopes
  A stone giant zombie (Vaults:3)
  29 wolf spiders
  2 worldbinders (Abyss:2)
  A tengu skeleton (Vaults:3)
  7 orc sorcerers
  8 shining eyes
  18 starcursed masses
  39 deep elf magi
  A moth of wrath (Spider:4)
  30 ugly things
  An elephant (shapeshifter) (Abyss:3)
  A stone giant skeleton (Vaults:3)
  A frost giant skeleton (Crypt:3)
  A black mamba (Lair:3)
  A dire elephant zombie (Crypt:1)
  2 smoke demons (Abyss:3)
  4 vault sentinels
  3 guardian serpents (Desolation)
  A rust devil (Abyss:2)
  An eye of devastation (Slime:4)
  Psyche (D:12)
  A molten gargoyle (Desolation)
  A centaur skeleton (D:13)
  10 spiny frogs
  A pale draconian zombie (Crypt:1)
  A dire elephant skeleton (Crypt:1)
  An efreet (Abyss:2)
  A grey draconian zombie (Crypt:1)
  2 komodo dragons
  3 demonic crawlers
  10 freezing wraiths
  An alligator snapping turtle skeleton (Crypt:2)
  23 yaktaurs
  46 guardian mummies
  20 jumping spiders
  2 ancient zymes (Abyss:3)
  A polar bear (shapeshifter) (D:14)
  3 tyrant leeches
  8 hornets
  63 slime creatures
  4 polar bears (Lair:5)
  2 hornets (shapeshifter)
  8 trolls
  A jumping spider (shapeshifter) (Vaults:4)
  8 raiju
  5 bog bodies
  35 saltlings (Desolation)
  6 hippogriffs
  2 hydra skeletons (Tomb:1)
  A guardian serpent skeleton (Crypt:1)
  2 water elementals
  An ettin skeleton (Vaults:3)
  68 flying skulls
  35 yaks
  5 shadows
  An air elemental (Elf:3)
  2 ynoxinuls (Abyss:2)
  35 redbacks
  3 fire elementals (Elf:3)
  14 tarantellas
  9 ushabtiu
  9 wraiths
  16 humans (D:13)
  A wyvern (Lair:4)
  A black mamba skeleton (Crypt:1)
  A steam dragon (D:10)
  8 golden eyes (Slime:1)
  A basilisk (Lair:5)
  A hungry ghost (D:11)
  22 vampire mosquitoes
  6 wargs
  A catoblepas simulacrum (Crypt:1)
  7 swamp worms
  6 insubstantial wisps
  A minotaur simulacrum (Crypt:3)
  5 small abominations
  3 water moccasins
  2 porcupines
  38 orc warriors
  9 swamp drakes
  An eye of draining (shapeshifter) (Elf:2)
  2 ice beasts
  5 boggarts (Vaults:3)
  9 eyes of draining
  6 necrophages
  A human zombie (Vaults:3)
  3 phantoms
  2 sky beasts
  A snapping turtle zombie (Tomb:1)
  24 ogres
  10 centaurs
  3 crocodiles
  14 bullfrogs
  2 earth elementals
  A komodo dragon skeleton (Crypt:2)
  A wyvern skeleton (D:14)
  A polar bear zombie (Crypt:2)
  A scorpion (D:11)
  A killer bee (D:8)
  10 wights
  An electric eel (Spider:4)
  8 howler monkeys
  2 bullfrog zombies
  7 crimson imps
  4 lava snakes (Lab)
  A quasit (Abyss:2)
  2 centaur zombies
  3 hounds
  A black bear skeleton (Crypt:1)
  15 jellies
  30 orc priests
  28 orc wizards
  A gnoll shaman (D:7)
  5 iguanas
  A demonspawn skeleton (Crypt:2)
  A human skeleton (Tomb:1)
  An iron imp (Abyss:2)
  10 worker ants
  4 hound zombies
  A hound skeleton (D:9)
  43 mummies
  3 gnolls (D:7)
  A howler monkey skeleton (D:4)
  7 adders
  2 shadow imps
  An ufetubus (Abyss:2)
  2 oozes
  2 adder skeletons
  An adder zombie (D:6)
  3 worms
  2 dart slugs (D:1)
  3 leopard geckos
  122 orcs
  5 giant cockroaches
  A gnoll zombie (Crypt:1)
  4 hobgoblins (D:1)
  3 kobolds
  4 quokkas
  2 ball pythons
  A ball python skeleton (D:4)
  5 bats
  A frilled lizard (D:1)
  10 goblins
  A leopard gecko zombie (D:7)
  A quokka skeleton (D:4)
  4 rats
  A crawling corpse (Elf:3)
1860 creatures vanquished.

Vanquished Creatures (collateral kills)
  the Royal Jelly (Slime:5)
  A stone giant (Orc:2)
  An orb spider (Spider:4)
  A manticore (D:15)
  An orc warrior (Orc:2)
  2 orc wizards (Orc:2)
  4 orcs (Orc:2)
11 creatures vanquished.

Vanquished Creatures (others)
  An entropy weaver (Spider:2)
  26 death scarabs
  A guardian mummy (Tomb:2)
  A saltling (Desolation)
  2 flying skulls (Tomb:2)
  A swamp drake (Swamp:4)
  An ogre (D:7)
  2 mummies (Tomb:2)
  5 orcs
  A fungus (Lair:5)
41 creatures vanquished.

Grand Total: 1912 creatures vanquished

Notes
Turn   | Place    | Note
-------+----------+-------------------------------------------
     0 | D:1      | 4thArraOfDagon the Draconian Arcane Marksman began the quest for the Orb.
     0 | D:1      | Reached XP level 1. HP: 16/16 MP: 2/2
   159 | D:2      | Reached XP level 2. HP: 23/23 MP: 3/3
   237 | D:2      | Reached skill level 1 in Unarmed Combat
   503 | D:3      | Reached skill level 2 in Unarmed Combat
   503 | D:3      | Reached XP level 3. HP: 11/29 MP: 4/4
   716 | D:4      | Reached XP level 4. HP: 29/36 MP: 5/5
   725 | D:4      | Reached skill level 3 in Unarmed Combat
   906 | D:5      | Entered Level 5 of the Dungeon
   989 | D:5      | Reached XP level 5. HP: 34/42 MP: 6/6
  1044 | D:7      | Reached skill level 4 in Unarmed Combat
  1097 | D:7      | Found a snail-covered altar of Cheibriados.
  1099 | D:7      | Found a white marble altar of Elyvilon.
  1102 | D:7      | Became a worshipper of Cheibriados the Contemplative
  1168 | D:7      | Noticed a sky beast
  1212 | D:6      | Noticed oki's ghost (novice DrVM)
  1247 | D:7      | Noticed a hippogriff
  1277 | D:7      | Killed a hippogriff
  1277 | D:7      | Reached skill level 1 in Invocations
  1277 | D:7      | Reached XP level 6. HP: 13/51 MP: 7/7
  1319 | D:7      | Reached skill level 5 in Unarmed Combat
  1482 | D:7      | Your scales start taking on a dull iron-grey colour.
  1482 | D:7      | Reached XP level 7. HP: 45/58 MP: 8/8
  1482 | D:7      | Gained mutation: You can survive without breathing. [Grey Draconian growth]
  1584 | D:7      | Noticed Menkaure
  1623 | D:5      | Found an opulent altar of Gozag.
  1631 | D:4      | Found a shadowy altar of Dithmenos.
  1777 | D:4      | Found a sacrificial altar of Ru.
  1820 | D:4      | Reached * piety under Cheibriados
  2492 | D:1      | Reached ** piety under Cheibriados
  2816 | D:5      | Reached skill level 6 in Unarmed Combat
  2869 | D:5      | Reached XP level 8. HP: 23/67 MP: 10/10
  3070 | D:6      | Reached *** piety under Cheibriados
  3102 | D:6      | Reached skill level 5 in Fighting
  3150 | D:6      | Noticed a troll
  3225 | D:6      | Gained mutation: Potions are less effective at restoring your health. [potion of mutation]
  3225 | D:6      | Lost mutation: Potions are less effective at restoring your health. [potion of mutation]
  3225 | D:6      | Gained mutation: Your tail ends in a poisonous barb. [potion of mutation]
  3240 | D:6      | Killed a troll
  3240 | D:6      | Reached skill level 7 in Unarmed Combat
  3287 | D:6      | Found a basalt altar of Yredelemnul.
  3473 | D:6      | Reached XP level 9. HP: 74/75 MP: 12/12
  3566 | D:6      | Reached skill level 5 in Dodging
  3566 | D:6      | Reached skill level 5 in Invocations
  3611 | D:7      | Found a staircase to the Ecumenical Temple.
  3627 | D:7      | Reached skill level 8 in Unarmed Combat
  3838 | D:9      | Reached **** piety under Cheibriados
  3879 | D:9      | Found an ornate altar of the Wu Jian Council.
  4057 | D:10     | Entered Level 10 of the Dungeon
  4143 | D:10     | Noticed a two-headed ogre
  4320 | D:10     | Noticed a two-headed ogre
  4333 | D:10     | Reached skill level 9 in Unarmed Combat
  4338 | D:10     | Killed a two-headed ogre
  4338 | D:10     | Reached XP level 10. HP: 58/86 MP: 14/14
  4439 | D:12     | Reached ***** piety under Cheibriados
  4459 | D:12     | Noticed Psyche
  4462 | D:12     | Killed Psyche
  4614 | D:13     | Noticed a cyclops
  4637 | D:13     | Killed a cyclops
  4637 | D:13     | Reached skill level 10 in Unarmed Combat
  4742 | D:14     | Gained mutation: You are agile. (Dex +2) [mutagenic meat]
  4743 | D:14     | Gained mutation: You occasionally shout uncontrollably at your foes. [mutagenic meat]
  4749 | D:15     | Entered Level 15 of the Dungeon
  4749 | D:15     | Noticed a manticore
  4749 | D:15     | Noticed a cyclops
  4749 | D:15     | Noticed an ogre mage
  4749 | D:15     | Noticed a two-headed ogre
  4749 | D:15     | Noticed a two-headed ogre
  4749 | D:15     | Noticed a two-headed ogre
  4749 | D:15     | Noticed a two-headed ogre
  4749 | D:15     | Noticed a two-headed ogre
  4749 | D:15     | Noticed a manticore
  4756 | D:14     | Killed a two-headed ogre
  4758 | D:14     | Killed a two-headed ogre
  4941 | D:14     | Reached XP level 11. HP: 92/95 MP: 16/16
  5105 | D:14     | Noticed a death knight
  5105 | D:14     | Noticed a phantasmal warrior
  5106 | D:14     | Noticed a skeletal warrior
  5124 | D:14     | Noticed a phantasmal warrior
  5145 | D:14     | Noticed a centaur warrior
  5156 | D:14     | Killed a centaur warrior
  5156 | D:14     | Reached skill level 11 in Unarmed Combat
  5339 | D:14     | Noticed a white ugly thing
  5339 | D:14     | Noticed a white ugly thing
  5340 | D:14     | Noticed a white ugly thing
  5340 | D:14     | Noticed a white ugly thing
  5347 | D:14     | Killed a white ugly thing
  5350 | D:14     | Noticed a white ugly thing
  5354 | D:14     | Noticed a white ugly thing
  5354 | D:14     | Killed a white ugly thing
  5356 | D:14     | Killed a white ugly thing
  5360 | D:14     | Killed a brown ugly thing
  5362 | D:14     | Killed a brown ugly thing
  5365 | D:14     | Killed a green ugly thing
  5376 | D:14     | Gained mutation: You are covered in fur. (AC +1) [mutagenic meat]
  5377 | D:14     | Gained mutation: You expend magic power (3 MP) to strengthen your wands. [mutagenic meat]
  5378 | D:14     | Gained mutation: Your spells are a little harder to cast, but a little more powerful. [mutagenic meat]
  5385 | D:14     | Lost mutation: You are agile. (Dex +2) [mutagenic meat]
  5386 | D:14     | Gained mutation: You passively map a small area around you. [mutagenic meat]
  5387 | D:14     | Gained mutation: Your natural rate of healing is unusually fast. [mutagenic meat]
  5388 | D:14     | Gained mutation: You are weak. (Str -2) [mutagenic meat]
  5441 | D:14     | Noticed a death knight
  5458 | D:14     | Killed a death knight
  5538 | D:13     | Found a gate to the Vaults.
  5538 | D:13     | Noticed Rupert
  5538 | D:13     | Noticed an orc knight
  5538 | D:13     | Noticed a centaur warrior
  5538 | D:13     | Noticed a deep elf mage
  5540 | D:13     | Killed a deep elf mage
  5540 | D:13     | Reached skill level 12 in Unarmed Combat
  5540 | D:13     | Killed a centaur warrior
  5540 | D:13     | Reached XP level 12. HP: 99/106 MP: 12/19
  5565 | D:13     | Killed Rupert
  5565 | D:13     | Reached skill level 10 in Fighting
  5763 | D:12     | Reached skill level 13 in Unarmed Combat
  5893 | D:11     | Noticed a two-headed ogre
  5898 | D:11     | Killed a two-headed ogre
  5898 | D:11     | Reached skill level 10 in Invocations
  5908 | D:11     | Noticed Sonja
  5909 | D:11     | Killed Sonja
  5973 | D:11     | Noticed Fannar
  6026 | D:11     | Killed Fannar
  6072 | D:11     | Found Daeplua's Weapon Shop.
  6072 | D:11     | Found a staircase to the Orcish Mines.
  6073 | D:11     | Found Taiblo Bavvy's Armour Shop.
  6074 | D:11     | Noticed a two-headed ogre
  6091 | D:11     | Killed a two-headed ogre
  6140 | D:11     | Bought the cursed +0 cloak "Ykhuteu" {+Fly rElec MR+} for 371 gold pieces
  6198 | D:11     | Gained mutation: You are agile. (Dex +2) [mutagenic meat]
  6199 | D:11     | Lost mutation: You are weak. (Str -2) [mutagenic meat]
  6200 | D:11     | Gained mutation: You are very agile. (Dex +4) [mutagenic meat]
  6248 | D:11     | Noticed Snorg
  6263 | D:11     | Killed Snorg
  6545 | D:11     | Found a portal to a secret trove of treasure.
  6600 | D:11     | Noticed a two-headed ogre
  6605 | D:11     | Killed a two-headed ogre
  6616 | Orc:1    | Entered Level 1 of the Orcish Mines
  6632 | Orc:1    | Reached XP level 13. HP: 90/115 MP: 20/20
  6792 | Orc:2    | Entered Level 2 of the Orcish Mines
  6799 | Orc:2    | Noticed a stone giant
  6812 | Orc:2    | Killed a stone giant
  6904 | Orc:2    | Reached skill level 14 in Unarmed Combat
  6952 | Orc:2    | Found a roughly hewn altar of Beogh.
  7071 | Orc:2    | Found a roughly hewn altar of Beogh.
  7079 | Orc:2    | Found Vifogor's Gadget Shop.
  7118 | Orc:2    | Found a roughly hewn altar of Beogh.
  7136 | Orc:2    | Noticed a stone giant
  7206 | Orc:2    | Reached ****** piety under Cheibriados
  7232 | Orc:2    | Found a roughly hewn altar of Beogh.
  7294 | Orc:2    | Noticed an orc warlord
  7304 | Orc:2    | Killed an orc warlord
  7397 | Orc:2    | Found Veaci's Antique Weapon Shop.
  7398 | Orc:2    | Found a roughly hewn altar of Beogh.
  7401 | Orc:2    | Found Wuew's Antique Armour Boutique.
  7586 | Orc:2    | Found a roughly hewn altar of Beogh.
  7604 | Orc:2    | Found Ynil's Assorted Antiques.
  7609 | Orc:2    | Bought a scroll labeled BORIOCH FYJUTU for 26 gold pieces
  7633 | Orc:2    | Found a staircase to the Elven Halls.
  7662 | Orc:2    | Killed a stone giant
  7987 | D:9      | Reached skill level 10 in Dodging
  8069 | D:9      | Found a staircase to the Lair.
  8099 | Lair:1   | Entered Level 1 of the Lair of Beasts
  8339 | Lair:4   | Found a hole to the Spider Nest.
  8432 | Lair:4   | Found a staircase to the Swamp.
  8502 | Lair:5   | Found a labyrinth entrance.
  8511 | Lab      | Entered a labyrinth
  8689 | Lab      | Noticed a minotaur
  8705 | Lab      | Killed a minotaur
  8717 | Lab      | Identified the Grimoire of the Rocks
  8725 | Lab      | Learned a level 6 spell: Statue Form
  8744 | Lair:5   | Reached skill level 15 in Unarmed Combat
  8751 | Lair:5   | Reached skill level 1 in Earth Magic
  8797 | Lair:5   | Reached skill level 1 in Transmutations
  8829 | Lair:5   | Reached XP level 14. HP: 82/126 MP: 22/22
  9301 | Elf:1    | Entered Level 1 of the Elven Halls
  9347 | Elf:1    | Upgraded the game from 0.21-a0-153-g78480df to 0.21-a0-154-gb5400c9
  9496 | Elf:1    | Reached skill level 5 in Earth Magic
  9683 | Elf:3    | Entered Level 3 of the Elven Halls
  9779 | Elf:3    | Reached skill level 5 in Transmutations
  9832 | Elf:3    | Found Pioqirph's Jewellery Emporium.
  9838 | Elf:3    | Bought the ring of Shadows {Umbra +Inv Stlth+} for 480 gold pieces
  9913 | Elf:2    | Found a huge runed gate.
  9913 | Elf:2    | Found a huge runed gate.
  9913 | Elf:2    | Found a huge runed gate.
 10240 | Elf:3    | Found a deep blue altar of Sif Muna.
 10352 | Elf:3    | Noticed a deep elf blademaster
 10360 | Elf:3    | Killed a deep elf blademaster
 10375 | Elf:3    | Noticed a deep elf elementalist
 10377 | Elf:3    | Killed a deep elf elementalist
 10380 | Elf:3    | Noticed a deep elf elementalist
 10383 | Elf:3    | Killed a deep elf elementalist
 10383 | Elf:3    | Reached XP level 15. HP: 95/132 MP: 20/23
 10385 | Elf:3    | Noticed a Hell Sentinel
 10413 | Elf:3    | Reached skill level 5 in Spellcasting
 10450 | Elf:3    | Noticed a deep elf master archer
 10453 | Elf:3    | Killed a deep elf master archer
 10454 | Elf:3    | Noticed a deep elf sorcerer
 10455 | Elf:3    | Killed a deep elf sorcerer
 10505 | Elf:3    | Noticed a deep elf sorcerer
 10507 | Elf:3    | Noticed a deep elf master archer
 10520 | Elf:3    | Killed a deep elf master archer
 10521 | Elf:3    | Noticed a large abomination
 10528 | Elf:3    | Killed a large abomination
 10533 | Elf:3    | Killed a deep elf sorcerer
 10540 | Elf:3    | Got a vibrating brass ring
 10564 | Elf:3    | Noticed a deep elf sorcerer
 10568 | Elf:3    | Cast into level 2 of the Abyss (a deep elf sorcerer)
 10620 | Abyss:2  | Paralysed by accursed screaming for 1 turns
 10829 | Abyss:2  | Found a corrupted altar of Lugonu.
 10956 | Abyss:2  | Noticed a bone dragon
 10967 | Abyss:2  | Killed a bone dragon
 10974 | Elf:3    | Escaped the Abyss
 10985 | Elf:3    | Killed a deep elf sorcerer
 10985 | Elf:3    | Reached skill level 16 in Unarmed Combat
 10992 | Elf:3    | Identified the cursed ring of Daisies {*Slow rC+ EV-3 Dex+3} (You took it off a deep elf master archer on level 3 of the Elven Halls)
 11022 | Elf:3    | Lost mutation: You are very agile. (Dex +4) [a cacodemon]
 11033 | Elf:3    | Reached XP level 16. HP: 99/141 MP: 13/25
 11071 | Elf:3    | Noticed a Hell Sentinel
 11101 | Elf:3    | Noticed a deep elf blademaster
 11109 | Elf:3    | Killed a deep elf blademaster
 11114 | Elf:3    | Cast into level 3 of the Abyss (a deep elf demonologist)
 11193 | Abyss:3  | Gained mutation: You are weak. (Str -2) [a neqoxec]
 11214 | Elf:3    | Escaped the Abyss
 11305 | Elf:3    | Identified the Almanac of Attacks
 11367 | Elf:3    | Identified the Guide on Heat and Black Magic
 11377 | Elf:3    | Learned a level 2 spell: Sublimation of Blood
 11385 | Elf:3    | Got a steaming arbalest
 11896 | Swamp:1  | Entered Level 1 of the Swamp
 11918 | Swamp:2  | Noticed Donald
 11919 | Swamp:2  | Noticed Frances
 11926 | Swamp:2  | Killed Frances
 11956 | Swamp:2  | Noticed Louise
 11974 | Swamp:2  | Killed Louise
 11984 | Swamp:2  | Killed Donald
 11991 | Swamp:2  | Identified the +0 large shield of Time Monsters {+Blink +Fly MP+9 Stlth+} (You took it off Louise on level 2 of the Swamp)
 12016 | Swamp:2  | Noticed a tentacled monstrosity
 12036 | Swamp:2  | Killed a tentacled monstrosity
 12225 | Swamp:4  | Entered Level 4 of the Swamp
 12341 | Swamp:4  | Reached skill level 17 in Unarmed Combat
 12433 | Swamp:4  | Got a decaying rune of Zot
 12518 | Swamp:3  | Noticed a thorn hunter
 12524 | Swamp:3  | Killed a thorn hunter
 12567 | Swamp:3  | Noticed a thorn hunter
 12575 | Swamp:3  | Killed a thorn hunter
 12575 | Swamp:3  | Reached XP level 17. HP: 151/151 MP: 23/27
 12591 | Swamp:3  | Noticed Mara
 12596 | Swamp:3  | Noticed 4thArraOfDagon's illusion
 12704 | Spider:1 | Entered Level 1 of the Spider Nest
 12704 | Spider:1 | Noticed Agnes
 12708 | Spider:1 | Killed Agnes
 12974 | Spider:4 | Entered Level 4 of the Spider Nest
 13154 | Spider:4 | Reached skill level 18 in Unarmed Combat
 13300 | Spider:4 | Got a gossamer rune of Zot
 13644 | Lair:5   | Found a staircase to the Slime Pits.
 13651 | Slime:1  | Entered Level 1 of the Pits of Slime
 13651 | Slime:1  | Noticed an acid blob
 13656 | Slime:1  | Killed an acid blob
 13658 | Slime:1  | Noticed an acid blob
 13728 | Slime:1  | Lost mutation: You are agile. (Dex +2) [a shining eye]
 13729 | Slime:1  | Gained mutation: You are clumsy. (Dex -2) [a shining eye]
 13732 | Slime:1  | Killed an acid blob
 13816 | Slime:2  | Reached XP level 18. HP: 161/161 MP: 22/28
 14016 | Slime:4  | Gained mutation: You are frail. (-10% HP) [a shining eye]
 14042 | Slime:3  | Reached skill level 15 in Fighting
 14102 | Slime:4  | Gained mutation: Your magical capacity is low. (-10% MP) [a shining eye]
 14164 | Slime:5  | Entered Level 5 of the Pits of Slime
 14310 | Slime:4  | Reached skill level 19 in Unarmed Combat
 14332 | Slime:5  | Reached skill level 15 in Invocations
 14386 | Slime:5  | Noticed the Royal Jelly
 14592 | Slime:5  | Found a viscous altar of Jiyva.
 14633 | Slime:5  | Killed the Royal Jelly
 14672 | Slime:5  | Gained mutation: You tend to lose your temper in combat. [a shining eye]
 14676 | Slime:5  | Gained mutation: Your magical capacity is very low. (-20% MP) [a shining eye]
 14822 | Slime:5  | Learned a level 2 spell: Blink
 14833 | Slime:5  | Identified the Handbook of Toxins and Ignition
 14850 | Slime:5  | Identified the Reference Book on Boosting Execration
 14868 | Slime:5  | Got a slimy rune of Zot
 14885 | Slime:5  | Identified the ring "Difuc" {rElec rN+ Str+2 Dex+7} (You found it on level 5 of the Pits of Slime)
 14907 | Slime:5  | Identified the +1 buckler of Kionul {rPois rF- Str+2 Int+4} (You found it on level 5 of the Pits of Slime)
 15316 | Vaults:1 | Entered Level 1 of the Vaults
 15408 | Vaults:2 | Found Ugoudab's Food Emporium.
 15472 | Vaults:2 | Found a ruined gateway.
 15484 | Desolati | Entered the Desolation of Salt
 15506 | Desolati | Reached XP level 19. HP: 154/154 MP: 19/24
 15534 | Desolati | Lost mutation: You are clumsy. (Dex -2) [mutagenic meat]
 15547 | Desolati | Got a crude silver amulet
 15548 | Desolati | Identified Xuaddael's Reference Book on Freezing Boosts
 15558 | Desolati | Learned a level 6 spell: Deflect Missiles
 15695 | Desolati | Got a brightly glowing pewter ring
 15737 | Desolati | Reached skill level 20 in Unarmed Combat
 15821 | Vaults:2 | Identified the ring "Qunuuhay" {rPois Int-4 SInv Stlth-} (You found it in the Desolation of Salt)
 15825 | Vaults:2 | Identified the amulet of Wezaer {Spirit Int+3} (You found it in the Desolation of Salt)
 15863 | Vaults:2 | Lost mutation: You are frail. (-10% HP) [mutagenic meat]
 15864 | Vaults:2 | Lost mutation: You passively map a small area around you. [mutagenic meat]
 16387 | Vaults:4 | Paralysed by an ogre mage for 6 turns
 16599 | Vaults:4 | Reached XP level 20. HP: 182/182 MP: 25/25
 16771 | Vaults:4 | Found a flickering gateway to a bazaar.
 16778 | Bazaar   | Entered a bazaar
 16784 | Bazaar   | Found Orghuc's Magic Scroll Emporium.
 16784 | Bazaar   | Found Oqathut's Jewellery Shoppe.
 16794 | Bazaar   | Bought a scroll of identify for 22 gold pieces
 16794 | Bazaar   | Bought a scroll of identify for 22 gold pieces
 17138 | Vaults:5 | Entered Level 5 of the Vaults
 17203 | Vaults:4 | Reached skill level 21 in Unarmed Combat
 17284 | Vaults:4 | Gained mutation: You evolve. [mutagenic meat]
 17286 | Vaults:4 | Gained mutation: You often lose your temper in combat. [mutagenic meat]
 17374 | Vaults:5 | Lost mutation: Your spells are a little harder to cast, but a little more powerful. [mutagenic meat]
 17375 | Vaults:5 | Gained mutation: You are agile. (Dex +2) [mutagenic meat]
 17519 | Vaults:5 | Lost mutation: You are covered in fur. (AC +1) [mutagenic meat]
 17522 | Vaults:5 | Gained mutation: Your body sometimes deteriorates upon taking damage. [mutagenic meat]
 17528 | Vaults:5 | Lost mutation: Your tail ends in a poisonous barb. [mutagenic meat]
 17529 | Vaults:5 | Lost mutation: Your magical capacity is very low. (-20% MP) [mutagenic meat]
 17539 | Vaults:5 | Gained mutation: Your flesh is cold resistant. (rC+) [mutagenic meat]
 17541 | Vaults:5 | Lost mutation: You evolve. [mutagenic meat]
 17542 | Vaults:5 | Lost mutation: You often lose your temper in combat. [mutagenic meat]
 17545 | Vaults:5 | Lost mutation: You occasionally shout uncontrollably at your foes. [mutagenic meat]
 17546 | Vaults:5 | Gained mutation: Your body often deteriorates upon taking damage. [mutagenic meat]
 17548 | Vaults:5 | Lost mutation: You expend magic power (3 MP) to strengthen your wands. [mutagenic meat]
 17549 | Vaults:5 | Gained mutation: Your spells are a little easier to cast, but a little less powerful. [mutagenic meat]
 17552 | Vaults:5 | Lost mutation: You are weak. (Str -2) [mutagenic meat]
 17554 | Vaults:5 | Gained mutation: You are weak. (Str -2) [mutagenic meat]
 17556 | Vaults:5 | Lost mutation: Your magical capacity is low. (-10% MP) [mutagenic meat]
 17599 | Vaults:5 | Identified Gadijec's Almanac of Combat Magic and the Snowflakes
 17680 | Vaults:5 | Reached XP level 21. HP: 191/191 MP: 21/34
 17686 | Vaults:5 | Noticed a golden dragon
 17690 | Vaults:5 | Killed a golden dragon
 17697 | Vaults:5 | Noticed an ancient lich
 17715 | Vaults:5 | Killed an ancient lich
 17743 | Vaults:5 | Got a silver rune of Zot
 17842 | Vaults:5 | Reached skill level 10 in Spellcasting
 17843 | Vaults:5 | Noticed a golden dragon
 17855 | Vaults:5 | Killed a golden dragon
 17884 | Vaults:5 | Got a scintillating copper amulet
 18018 | Vaults:5 | Noticed p0werm0de's ghost (adept DsEn)
 18037 | Vaults:5 | Killed p0werm0de's ghost
 18037 | Vaults:5 | Reached skill level 15 in Dodging
 18187 | Vaults:5 | Identified the amulet of Mutualism {Spirit Str+6} (You took it off a yaktaur on level 5 of the Vaults)
 18595 | Vaults:2 | Found a staircase to the Crypt.
 18599 | Vaults:2 | Reached skill level 1 in Shields
 18615 | Crypt:1  | Entered Level 1 of the Crypt
 18630 | Crypt:1  | Noticed Frederick
 18641 | Crypt:1  | Killed Frederick
 18641 | Crypt:1  | Reached skill level 22 in Unarmed Combat
 18707 | Crypt:1  | Noticed Xtahua
 18736 | Crypt:1  | Killed Xtahua
 18757 | Crypt:1  | Reached XP level 22. HP: 201/201 MP: 34/37
 18833 | Crypt:1  | Identified 2 scrolls of acquirement
 18932 | Crypt:2  | Got a heavily runed ivory ring
 18934 | Crypt:2  | Identified the ring "Gabborch" {Fire *Drain +Blink Int+4} (You acquired it on level 2 of the Crypt)
 19040 | Crypt:2  | Paralysed by something for 3 turns
 19073 | Crypt:2  | Paralysed by a vampire knight for 5 turns
 19081 | Crypt:2  | Paralysed by something for 7 turns
 19135 | Crypt:3  | Entered Level 3 of the Crypt
 19291 | Crypt:3  | Found an ancient bone altar of Kikubaaqudgha.
 19396 | Crypt:3  | Noticed Sojobo
 19412 | Crypt:3  | Killed Sojobo
 19727 | Crypt:3  | Reached skill level 23 in Unarmed Combat
 19734 | Crypt:3  | Noticed an ancient lich
 19739 | Crypt:3  | Killed an ancient lich
 19742 | Crypt:3  | Found a staircase to the Tomb.
 19751 | Crypt:3  | Got a glittering turquoise ring
 19751 | Crypt:3  | Got a transparent silver ring
 19771 | Crypt:3  | Learned a level 2 spell: Passwall
 19776 | Crypt:3  | Learned a level 4 spell: Passage of Golubria
 19782 | Crypt:3  | Learned a level 5 spell: Lee's Rapid Deconstruction
 19790 | Tomb:1   | Entered Level 1 of the Tomb of the Ancients
 19884 | Tomb:1   | Reached XP level 23. HP: 211/211 MP: 34/40
 19965 | Tomb:1   | Upgraded the game from 0.21-a0-154-gb5400c9 to 0.21-a0-155-gb8a8bae
 20016 | Tomb:1   | Noticed a greater mummy
 20026 | Tomb:1   | Killed a greater mummy
 20095 | Tomb:1   | Reached skill level 1 in Translocations
 20098 | Tomb:1   | Noticed a greater mummy
 20108 | Tomb:1   | Killed a greater mummy
 20142 | Tomb:1   | Identified the ring of Roudecza {rN+ Str+6} (You found it on level 3 of the Crypt)
 20153 | Tomb:1   | Identified the ring of Yjaps {*Drain rElec rPois rN+ Int+6} (You found it on level 3 of the Crypt)
 20388 | Tomb:2   | Noticed a greater mummy
 20447 | Tomb:2   | Noticed a greater mummy
 20452 | Tomb:2   | Killed a greater mummy
 20457 | Tomb:2   | Noticed a greater mummy
 20463 | Tomb:2   | Killed a greater mummy
 20474 | Tomb:2   | Reached skill level 5 in Translocations
 20549 | Tomb:2   | Killed a greater mummy
 20557 | Tomb:2   | Noticed a greater mummy
 20566 | Tomb:2   | Killed a greater mummy
 20695 | Tomb:2   | Reached skill level 24 in Unarmed Combat
 20736 | Tomb:1   | Noticed a greater mummy
 20740 | Tomb:1   | Noticed a greater mummy
 20742 | Tomb:1   | Killed a greater mummy
 20749 | Tomb:1   | Killed a greater mummy
 20755 | Tomb:1   | Noticed a greater mummy
 20765 | Tomb:1   | Killed a greater mummy
 20819 | Tomb:1   | Noticed a greater mummy
 20830 | Tomb:1   | Killed a greater mummy
 20863 | Tomb:1   | Noticed a greater mummy
 20885 | Tomb:1   | Killed a greater mummy
 20899 | Tomb:1   | Noticed a greater mummy
 20924 | Tomb:1   | Noticed a greater mummy
 20932 | Tomb:1   | Killed a greater mummy
 20932 | Tomb:1   | Reached XP level 24. HP: 109/223 MP: 35/40
 20936 | Tomb:1   | Killed a greater mummy
 21019 | Tomb:1   | Noticed a greater mummy
 21024 | Tomb:1   | Killed a greater mummy
 21030 | Tomb:1   | Noticed a greater mummy
 21034 | Tomb:1   | Killed a greater mummy
 21050 | Tomb:1   | Noticed a greater mummy
 21055 | Tomb:1   | Noticed a greater mummy
 21062 | Tomb:1   | Killed a greater mummy
 21069 | Tomb:1   | Killed a greater mummy
 21079 | Tomb:1   | Noticed a greater mummy
 21104 | Tomb:1   | Noticed a greater mummy
 21107 | Tomb:1   | Noticed a greater mummy
 21108 | Tomb:1   | Killed a greater mummy
 21130 | Tomb:1   | Killed a greater mummy
 21134 | Tomb:1   | Killed a greater mummy
 21134 | Tomb:1   | Reached skill level 25 in Unarmed Combat
 21166 | Tomb:1   | Noticed a greater mummy
 21174 | Tomb:1   | Killed a greater mummy
 21184 | Tomb:1   | Noticed a greater mummy
 21191 | Tomb:1   | Killed a greater mummy
 21208 | Tomb:1   | Noticed a greater mummy
 21213 | Tomb:1   | Killed a greater mummy
 21214 | Tomb:1   | Noticed a greater mummy
 21218 | Tomb:1   | Killed a greater mummy
 21237 | Tomb:1   | Noticed a greater mummy
 21240 | Tomb:1   | Killed a greater mummy
 21349 | Tomb:2   | BULLSHIT
 21603 | Tomb:3   | Entered Level 3 of the Tomb of the Ancients
 21633 | Tomb:3   | Identified the ring "Epazei" {+Fly rPois MR- Str+4 SInv} (You found it on level 3 of the Tomb of the Ancients)
 21716 | Tomb:3   | Noticed a greater mummy
 21726 | Tomb:3   | Killed a greater mummy
 21741 | Tomb:3   | Noticed a greater mummy
 21749 | Tomb:2   | Killed a greater mummy
 21864 | Tomb:3   | Noticed a greater mummy
 21868 | Tomb:3   | Killed a greater mummy
 21868 | Tomb:3   | Reached XP level 25. HP: 235/235 MP: 33/40
 21872 | Tomb:3   | Noticed a greater mummy
 21873 | Tomb:3   | Noticed a greater mummy
 21875 | Tomb:3   | Noticed a greater mummy
 21897 | Tomb:2   | Killed a greater mummy
 21998 | Tomb:3   | Noticed Khufu
 21999 | Tomb:3   | Noticed a greater mummy
 22009 | Tomb:3   | Noticed a greater mummy
 22009 | Tomb:3   | Got a golden rune of Zot
 22017 | Tomb:3   | Killed a greater mummy
 22026 | Tomb:3   | Killed a greater mummy
 22062 | Tomb:2   | Killed Khufu
 22065 | Tomb:2   | HP: 4/308 [reaper/scythe of freezing[Khufu's death curse] (31)]
 22065 | Tomb:2   | Slain by a reaper

Vault maps used:
D:1:      dpeg_arrival_radiant, minmay_tree_intersection, minmay_surrounded
D:2:      first_bread, minmay_misc_feat_secret_circle
D:4:      lemuel_upstairs_altar, hangedman_ru_absence,
          nicolae_dithmenos_through_a_glass_darkly, uniq_grinder
D:5:      marbit_many_paths, lemuel_crystal_altar, okawaru_metal_pillars_3
D:6:      yredelemnul_altar_generic
D:7:      minitemple, minmay_temple_entry_hall, grunt_ogre_cave, uniq_menkaure
D:9:      lemuel_doored_altar, kennysheep_mini,
          nemelex_xobeh_ov_fountains_minmay, nicolae_overflow_quartered_altars,
          erik_lair_orcish_takeover, uniq_maurice
D:10:     kennysheep_generic_room_3
D:11:     orc_david_3, nicolae_trove_entry_columns, uniq_snorg, uniq_fannar,
          uniq_sonja
D:12:     uniq_psyche
D:13:     david_vaults_3
D:14:     moated_statue, uniq_kirke
D:15:     grunt_enter_depths_magical_seal, hangedman_decor_points
Lair:1:   infiniplex_staircase_pool_2
Lair:3:   grunt_megastairs_5
Lair:4:   minmay_swamp_entry_wisps, nicolae_spider_entry_orb_guardian,
          patterned_corridor, grunt_megastairs_3
Lair:5:   minmay_slime_entry_pillars, lab_entry_generic, beast_lair_carwin_4,
          lemuel_fruit_fields
Swamp:1:  evilmike_swamp_ruin_house_5
Swamp:2:  cheibrodos_swamp_monstrosity, infiniplex_staircase_pool, uniq_frances,
          uniq_donald, uniq_louise
Swamp:3:  evilmike_swamp_ruin_house_3, uniq_mara
Swamp:4:  swamp_alternative, uniq_bai_suzhen
Spider:1: uniq_agnes
Spider:3: spiders_nest_ghost_moth_duel
Spider:4: grunt_spider_rune_circles
Slime:1:  nicolae_slime_jelly_donut
Slime:2:  cheibrodos_slime_lost_civilization_8
Orc:2:    grunt_orc_community_town_hall, grunt_orc_community_big_house_2,
          grunt_orc_community_big_house_2, grunt_orc_community_house_3,
          grunt_orc_community_house_2, grunt_orc_community_house_1,
          grunt_orc_community_house_3
Elf:1:    elf_arrival_002, serial_shops, shop_coins,
          hangedman_elven_crosses_minicolossus
Elf:2:    uniq_jorgrun
Elf:3:    elf_hall_gauntlet_wide, serial_shops, nicolae_shop_stone,
          lemuel_blue_sif_altar
Vaults:1: v_misc_28, nicolae_vaults_ninety_degrees, ontoclasm_vaults_fault,
          vaults_mumra_minichess_inversion, hangedman_vaults_stretched_pinwheel,
          st_check, uniq_aizul
Vaults:2: vaults_room_boxed, hangedman_vaults_nails, v_misc_14,
          nicolae_vaults_mini_display_case, v_alt_pattern_4,
          minmay_crypt_entry_simple_sparse, nicolae_vaults_ring_of_whatevers,
          vaults_dpeg_ring, grunt_vaults_twisty,
          portal_desolation_entry_nicolae_slug, serial_shops, shop
Vaults:3: nicolae_vaults_theta, nicolae_vaults_statue_guard,
          vaults_room_large_hall, ontoclasm_vaults_chip, vaults_room_octagon,
          nicolae_vaults_asterisk, vaults_room_corners, vaults_room_hallway,
          hangedman_vaults_trim
Vaults:4: hangedman_vaults_slither, nicolae_vaults_disjoint_gnomons,
          grunt_vaults_trifunnel, vaults_mumra_hex, ontoclasm_vaults_misaligned,
          hangedman_vaults_locks, nicolae_vaults_rhombus_6,
          hangedman_vaults_river_flow, nicolae_vaults_theta, v_misc_17,
          ontoclasm_vaults_ring_large, grunt_vaults_focal,
          vaults_mumra_bighexcomb, serial_shops, bzr_entry_water
Vaults:5: serial_shops
Crypt:1:  grunt_crypt_arrival_split, uniq_frederick, uniq_xtahua
Crypt:3:  grunt_crypt_end_deaths_head, uniq_sojobo
Abyss:3:  evilmike_abyss_exit_vortex
Lab:      nicolae_lab_dead_adventurers, labyrinth_lava_lair,
          nicolae_lab_diamond, nicolae_lab_lava
Bazaar:   bazaar_mystics

Skill      XL: |  1  2  3  4  5  6  7  8  9 10 11 12 13 14 15 16 17 18 19 20 21 22 23 24 25 |
---------------+----------------------------------------------------------------------------+-----
Throwing       | 2 |  2.2
Dodging        | 2 3 4 6 7 8 9 10 11 12 13 14 15 16 17 | 17.1
Unarmed Combat | 2 3 4 5 6 7 9 10 12 13 15 16 17 18 19 20 21 22 23 24 25 | 25.0
Fighting       | 2 3 4 5 7 8 9 10 12 13 14 15 16 17 18 19 21 | 21.9
Invocations    | 1 2 3 4 6 7 9 10 11 12 13 14 15 16 17 | 17.3
Earth Magic    | 2 9 |  9.7
Transmutations | 1 7 8 |  8.2
Spellcasting   | 4 6 9 11 13 | 13.3
Shields        | 3 4 |  4.0
Translocations | 6 |  6.5
Hexes          | |  2.6

Action                   |  1- 3 |  4- 6 |  7- 9 | 10-12 | 13-15 | 16-18 | 19-21 | 22-24 | 25-27 || total
-------------------------+-------+-------+-------+-------+-------+-------+-------+-------+-------++-------
Melee: Unarmed           |    46 |    95 |   521 |   410 |   944 |   863 |   941 |  1059 |    68 ||  4947
       Tailslap          |     5 |    15 |    84 |   101 |   264 |   215 |   239 |   256 |    13 ||  1192
       Punch             |       |     3 |    19 |    32 |   104 |   118 |   136 |       |       ||   412
Throw: Javelin           |    18 |    26 |       |       |       |       |       |       |       ||    44
       Throwing net      |     3 |     3 |     4 |     2 |     2 |       |       |       |       ||    14
 Cast: Statue Form       |       |       |       |       |    17 |    59 |    50 |    52 |     3 ||   181
       Blink             |       |       |       |       |       |       |     8 |       |       ||     8
       Passage of Golubr |       |       |       |       |       |       |       |     4 |       ||     4
Invok: Bend Time         |       |       |     3 |     2 |     2 |       |       |       |       ||     7
       Temporal Distorti |       |       |     1 |       |     2 |     7 |     1 |     5 |       ||    16
       Slouch            |       |       |       |     8 |     7 |    17 |     7 |     8 |     3 ||    50
 Abil: End Transformatio |       |       |       |       |     6 |    22 |     5 |     8 |     1 ||    42
Evoke: Wand              |       |       |       |     1 |    13 |     4 |       |     2 |       ||    20
       Box of beasts     |       |       |       |       |     4 |     3 |       |       |       ||     7
       Sack of spiders   |       |       |       |       |       |     2 |       |       |       ||     2
       Phantom mirror    |       |       |       |       |       |     1 |       |       |       ||     1
  Use: Scroll            |       |     6 |    13 |     5 |    10 |    11 |     9 |    13 |     3 ||    70
       Potion            |       |     3 |     4 |     5 |     1 |     8 |       |       |       ||    21
 Stab: Sleeping          |       |       |     1 |     3 |     8 |     3 |     2 |     4 |       ||    21
       Held in net/web   |       |       |       |       |     3 |       |       |       |       ||     3
       Distracted        |       |       |       |       |     4 |     2 |     1 |     2 |       ||     9
  Eat: Chunk             |       |     2 |     2 |    15 |    18 |    24 |    81 |     8 |       ||   150
       Fruit             |       |       |     3 |       |       |       |       |       |       ||     3
       Royal jelly       |       |       |     1 |     3 |     2 |     6 |     1 |     1 |       ||    14
       Meat ration       |       |       |       |       |       |       |       |     2 |       ||     2
       Bread ration      |       |       |       |       |       |       |       |     1 |       ||     1
Armor: Skin              |    17 |    19 |   125 |    83 |   194 |   633 |   369 |   281 |    43 ||  1764
Dodge: Dodged            |    38 |    72 |   361 |   298 |   912 |  2178 |  1529 |  1346 |   195 ||  6929
       Deflected         |       |       |       |       |       |       |     1 |     7 |       ||     8
Block: Other             |       |       |       |       |       |     5 |       |       |       ||     5
       Buckler           |       |       |       |       |       |       |    53 |   706 |    71 ||   830
